 Dungeon Crawl Stone Soup version 0.28.0-45-g0d030f2227 (webtiles) character file.

Game seed: 12925616449357896421

2828 Icepheonix32 the Covered (level 9, 0/67 HPs)
             Began as a Demonspawn Fighter on Apr 7, 2022.
             Was a Priest of Okawaru.
             Slain by a wolf (3 damage)
             ... on level 8 of the Dungeon.
             The game lasted 00:07:58 (7334 turns).

Icepheonix32 the Covered (Demonspawn Fighter)       Turns: 7334, Time: 00:07:59

Health: 0/67       AC: 23    Str: 19    XL:     9   Next: 45%
Magic:  13/13      EV: 12    Int: 11    God:    Okawaru [***...]
Gold:   300        SH:  4    Dex: 13    Spells: 13/13 levels left

rFire   . . .      SeeInvis .   v - +7 staff of the Meek {protect, meekguard}
rCold   . . .      Faith    .   (shield currently unavailable)
rNeg    . . .      Spirit   .   i - +0 steam dragon scales
rPois   .          Reflect  .   (no helmet)
rElec   .          Harm     .   (no cloak)
rCorr   +          Rampage  .   (no gloves)
Will    .....                   (no boots)
Stlth   ++........              (no amulet)
HPRegen 0.21/turn               f - ring of resist corrosion
MPRegen 0.13/turn               (no ring)

@: under a protective aura
A: hooves 1, yellow scales 2, condensation shield, demonic magic 1
a: Renounce Religion, Heroism


You were on level 8 of the Dungeon.
You worshipped Okawaru.
Okawaru was most pleased with you.
You visited 1 branch of the dungeon, and saw 8 of its levels.

You collected 543 gold pieces.
You spent 243 gold pieces at shops.

Inventory:

Hand Weapons
 a - a +0 long sword
 p - a +2 long sword of flaming
 v - the +7 staff of the Meek (weapon) {protect, meekguard}
   (You found it on level 4 of the Dungeon)

   It grants its wielder temporary protection when it strikes (+7 to AC).
   It provides extra protection to wielders with little health.
 F - the +4 scimitar of Tiprop {vorpal, +Blink SInv}
   (You bought it in a shop on level 7 of the Dungeon)

   It inflicts extra damage upon your enemies.
   SInv:      It lets you see invisible.
   +Blink:    It lets you blink.
Armour
 b - a +0 scale mail
 c - a +0 buckler
 i - +0 steam dragon scales (worn)
Magical Staves
 y - a staff of cold
Jewellery
 f - a ring of resist corrosion (left hand)
 C - an amulet of magic regeneration
 G - the ring "Nojyoraq" {rElec rF+}
   (You found it on level 7 of the Dungeon)

   [ring of protection from fire]

   rF:        It protects you from fire.
   rElec:     It insulates you from electricity.
Wands
 B - a wand of mindburst (12)
 D - a wand of flame (16)
 H - a wand of polymorph (23)
Scrolls
 e - a scroll of enchant weapon {unknown}
 g - a scroll of blinking {unknown}
 j - 2 scrolls of immolation {unknown}
 n - 2 scrolls of enchant armour {unknown}
 o - 7 scrolls of identify {unknown}
 r - 4 scrolls of acquirement {unknown}
 t - a scroll of amnesia {unknown}
 u - 5 scrolls of teleportation {unknown}
 w - 3 scrolls of fear {unknown}
 z - a scroll of vulnerability {unknown}
 E - a scroll of magic mapping {unknown}
Potions
 d - a potion of cancellation {unknown}
 h - a potion of berserk rage {unknown}
 k - 4 potions of brilliance {unknown}
 l - 5 potions of curing
 m - 2 potions of lignification {unknown}
 q - 2 potions of might
 s - 4 potions of haste {unknown}
 x - a potion of magic {unknown}
 A - a potion of resistance {unknown}
 I - a potion of heal wounds {unknown}


   Skills:
 + Level 4.9 Fighting
 - Level 4.1 Long Blades
 + Level 5.2 Staves
 + Level 0.2 Throwing
 * Level 6.2 Armour
 + Level 2.2 Dodging
 + Level 1.1 Stealth
 * Level 5.3 Shields
 * Level 2.6 Spellcasting
 * Level 5.4 Invocations


You had 13 spell levels left.
You didn't know any spells.
Your spell library contained the following spells:

 Spells                   Type           Power      Damage    Failure   Level
 Gell's Gravitas          Tloc           1%         N/A       63%         3
 Lesser Beckoning         Tloc           1%         N/A       63%         3
 Teleport Other           Tloc           1%         N/A       63%         3


Dungeon Overview and Level Annotations

Branches:
Dungeon (8/15)             Temple (0/1) D:5
   Lair: D:8-11

Altars:
Okawaru
Beogh

Shops:
D:7 (


Innate Abilities, Weirdness & Mutations

You have large cloven feet.
You are mostly covered in yellow scales. (AC +3)
A meltable shield of frost defends you. (SH +4)
Spells you cast may paralyse adjacent enemies.


Message History

The arrow hits you.
* * * LOW HITPOINT WARNING * * *
The wolf bites you.
* * * LOW HITPOINT WARNING * * *
Unknown command.
Unknown command.
The wolf bites you.
* * * LOW HITPOINT WARNING * * *
Unknown command.
You feel better. The wolf bites you.
* * * LOW HITPOINT WARNING * * *
The wolf bites you but does no damage. You block the wolf's attack.
The wolf misses you. You block the wolf's attack. You block the wolf's attack.
The wolf misses you. The wolf closely misses you. The wolf bites you.
* * * LOW HITPOINT WARNING * * *
The wolf pauses to sniff the ground.
The wolf bites you but does no damage. The wolf barely misses you.
Okay, then.
The wolf bites you.
* * * LOW HITPOINT WARNING * * *
You block the wolf's attack.
Unknown command.
The wolf bites you but does no damage.
The wolf bites you but does no damage. x2
The wolf misses you. The wolf bites you but does no damage.
You thump the centaur!
Your weapon exudes an aura of protection.
You kick the centaur.
The centaur is heavily wounded.
You block the wolf's attack. The wolf misses you. The wolf bites you.
* * * LOW HITPOINT WARNING * * *
The centaur unwields a +0 shortbow.
The centaur hits you but does no damage.
The centaur closely misses you. The wolf bites you.
* * * LOW HITPOINT WARNING * * *
The wolf bites you.
You die...

#.....#...#.......#
##.....#...#........
#..........#o.......
#..........#........
#...........o###....
#....[).....o# ....
#............# ...
#........chh.# ..
#######...@h.#
###......#
#........#
#†#......#
#.#......#
#.#....#.#
#.#.##.#.#
#.#<...#.# #.#.####


You could see an orc warrior, 3 wolves, a centaur and 2 orcs.

Vanquished Creatures
  Maggie (D:8)
  Sigmund (D:3)
  2 water moccasins
  3 sky beasts (D:6)
  2 ice beasts
  A black bear (D:7)
  An ogre (D:4)
  4 bullfrogs
  5 scorpions
  A water moccasin zombie (D:5)
  4 water moccasin skeletons
  3 killer bees (D:8)
  4 howler monkeys
  A centaur zombie (D:5)
  A bullfrog zombie (D:6)
  3 hounds
  An orc priest (D:4)
  2 iguanas
  2 hound skeletons
  A howler monkey zombie (D:6)
  3 gnolls (D:5)
  11 adders
  A shadow imp (D:7)
  An ufetubus (D:4)
  2 adder skeletons (D:4)
  2 worms
  4 dart slugs
  14 orcs
  2 bats
  6 endoplasms
  A giant cockroach (D:4)
  5 goblins
  6 hobgoblins
  3 jackals (D:3)
  3 kobolds
  A quokka (D:1)
  5 ball pythons
  A frilled lizard (D:3)
  3 rats
117 creatures vanquished.

Notes
Turn   | Place    | Note
-------+----------+-------------------------------------------
     0 | D:1      | Icepheonix32 the Demonspawn Fighter began the quest for the
                  | Orb.
     0 | D:1      | Reached XP level 1. HP: 18/18 MP: 1/1
   645 | D:1      | Gained mutation: You are partially covered in yellow
                  | scales. (AC +2) [demonic ancestry]
   645 | D:1      | Reached XP level 2. HP: 19/24 MP: 2/2
  1478 | D:2      | Reached skill level 3 in Armour
  1696 | D:2      | Found a faded altar of an unknown god.
  2178 | D:3      | Found an iron altar of Okawaru.
  2219 | D:3      | Gained mutation: You have large cloven feet. [demonic
                  | ancestry]
  2219 | D:3      | Reached XP level 3. HP: 29/29 MP: 3/3
  2232 | D:3      | Noticed Sigmund
  2236 | D:3      | Killed Sigmund
  2237 | D:3      | Reached XP level 4. HP: 35/35 MP: 4/4
  2237 | D:3      | Gained mutation: A meltable shield of frost defends you.
                  | (SH +4) [demonic ancestry]
  2237 | D:3      | Reached XP level 5. HP: 41/41 MP: 5/5
  2520 | D:3      | Reached XP level 6. HP: 47/47 MP: 6/6
  2577 | D:3      | Became a worshipper of Warmaster Okawaru
  2887 | D:4      | Reached skill level 1 in Invocations
  3274 | D:4      | Found the +7 staff of the Meek {protect, meekguard}
  3418 | D:4      | Noticed an ice beast
  3431 | D:4      | Killed an ice beast
  3432 | D:4      | Reached skill level 4 in Armour
  3685 | D:4      | Reached skill level 1 in Staves
  3685 | D:4      | Gained mutation: You are mostly covered in yellow scales.
                  | (AC +3) [demonic ancestry]
  3685 | D:4      | Reached XP level 7. HP: 28/54 MP: 8/8
  4284 | D:5      | Entered Level 5 of the Dungeon
  4333 | D:5      | Reached * piety under Okawaru
  4427 | D:5      | Found a staircase to the Ecumenical Temple.
  4580 | D:5      | Reached skill level 1 in Dodging
  4771 | D:5      | Reached skill level 5 in Armour
  4843 | D:5      | Noticed a two-headed ogre
  5198 | D:5      | Gained mutation: Spells you cast may paralyse adjacent
                  | enemies. [demonic ancestry]
  5198 | D:5      | Reached XP level 8. HP: 60/60 MP: 10/10
  5836 | D:6      | Reached ** piety under Okawaru
  5837 | D:6      | Reached skill level 1 in Spellcasting
  6111 | D:6      | Reached skill level 1 in Stealth
  6523 | D:7      | Found Piux Goi's Antique Weapon Emporium.
  6531 | D:7      | Bought a slimy scimitar for 243 gold pieces
  6531 | D:7      | Identified the +4 scimitar of Tiprop {vorpal, +Blink SInv}
                  | (You bought it in a shop on level 7 of the Dungeon)
  6557 | D:7      | Identified the ring "Nojyoraq" {rElec rF+}
  6586 | D:7      | Reached skill level 5 in Shields
  6586 | D:7      | Reached XP level 9. HP: 67/67 MP: 12/12
  6674 | D:7      | Reached skill level 6 in Armour
  6674 | D:7      | Reached skill level 5 in Invocations
  7218 | D:8      | Reached *** piety under Okawaru
  7248 | D:8      | Noticed Maggie
  7257 | D:8      | Killed Maggie
  7287 | D:8      | Reached skill level 5 in Staves
  7334 | D:8      | HP: 3/67 [wolf (2)]
  7334 | D:8      | Slain by a wolf

Illustrated notes

Levels and vault maps discovered:
D:1:      dpeg_arrival_signposts, layout_basic, minivault_5
D:2:      layout_basic, ebering_ecumenical_altar_box
D:3:      layout_rooms, mainiacjoe_overflow_tiny_flanked,
          minmay_divided_ellipse, uniq_sigmund
D:4:      layout_basic, pf_guarded_unrand_meek
D:5:      layout_basic, minmay_temple_entry_statues_fountains
D:6:      layout_basic
D:7:      layout_basic, serial_shops, nicolae_shop_crystal
D:8:      layout_basic, erik_lair_island, uniq_maggie, uniq_erica

Skill      XL: |  1  2  3  4  5  6  7  8  9 |
---------------+----------------------------+-----
Long Blades    | 2 4 |  4.1
Armour         | 3 4 5 6 |  6.2
Shields        | 3 4 5 |  5.3
Invocations    | 2 3 4 5 |  5.4
Fighting       | 4 |  4.9
Staves         | 1 2 4 5 |  5.2
Dodging        | 1 2 |  2.2
Spellcasting   | 1 2 |  2.6
Stealth        | 1 |  1.1
Throwing       | |  0.2

Action                   |  1- 3 |  4- 6 |  7- 9 || total
-------------------------+-------+-------+-------++-------
Melee: Long sword        |    67 |    65 |       ||   132
       Kick              |       |    21 |    49 ||    70
       Quarterstaff      |       |    37 |   201 ||   238
Throw: Javelin           |       |       |     5 ||     5
  Use: Potion            |     1 |       |     2 ||     3
Armor: Scale mail        |    21 |    56 |   108 ||   185
       Steam dragon scal |       |       |    40 ||    40
Dodge: Dodged            |    28 |    52 |   139 ||   219
Block: Buckler           |     6 |    35 |       ||    41
       Other             |       |     5 |    51 ||    56
